 Dungeon Crawl Stone Soup version 0.24-a0-365-ga4d96b6e6e (webtiles) character file.

Game seed: 6460702527906551229

325 vurker the Chopper (level 6, -5/56 HPs)
             Began as a Hill Orc Fighter on May 27, 2019.
             Slain by an ogre
             ... wielding a +0 giant club
              (23 damage)
             ... on level 5 of the Dungeon.
             The game lasted 00:08:46 (4561 turns).

vurker the Chopper (Hill Orc Fighter)               Turns: 4561, Time: 00:08:46

Health: -5/56      AC:  7    Str: 21    XL:     6   Next: 48%
Magic:  6/6        EV:  7    Int:  8    God:
Gold:   138        SH:  9    Dex: 10    Spells: 5/5 levels left

rFire    + + .     SeeInvis .   a - +0 war axe
rCold    . . .     Gourm    .   c - +0 shield
rNeg     . . .     Faith    .   b - +0 scale mail
rPois    .         Spirit   .   (no helmet)
rElec    .         Reflect  .   (no cloak)
rCorr    .         Harm     .   (no gloves)
MR       .....                  (no boots)
Stlth    ..........             (no amulet)
HPRegen  0.18/turn              i - ring of protection from fire
MPRegen  0.10/turn              l - ring of protection from fire

@: no status effects
A: no striking features
a: no special abilities


You were on level 5 of the Dungeon.
You were not hungry.

You visited 1 branch of the dungeon, and saw 5 of its levels.

You collected 138 gold pieces.

Inventory:

Hand Weapons
 a - a +0 war axe (weapon)
Missiles
 r - a throwing net (quivered) {!f}
Armour
 b - a +0 scale mail (worn)
 c - a +0 shield (worn)
Jewellery
 i - a ring of protection from fire (left hand)
   (You found it on level 1 of the Dungeon)
 l - a ring of protection from fire (right hand)
   (You found it on level 3 of the Dungeon)
Wands
 t - a wand of flame (13)
   (You found it on level 4 of the Dungeon)
Scrolls
 f - a scroll of identify {@r1}
 h - 3 scrolls of teleportation {@r4}
 m - 4 scrolls of magic mapping
 n - a scroll of immolation {!r}
 q - a scroll of remove curse {@r2}
Potions
 d - a potion of might
 g - a potion of curing {@q1}
 j - a potion of berserk rage
 k - a potion of brilliance
 o - a potion of mutation {!q}
 s - a potion of magic
Comestibles
 e - 6 rations {!d}


   Skills:
 + Level 5.2 Fighting
 * Level 6.5 Axes
 + Level 4.7 Armour
 - Level 3.2 Shields


You had 5 spell levels left.
You didn't know any spells.
Your spell library contained the following spells:

 Spells                   Type           Power        Failure   Level  Hunger
 Animate Skeleton         Necr           N/A          99%         1    ##.....
 Freeze                   Ice            #...         99%         1    ##.....
 Pain                     Necr           #...         99%         1    ##.....
 Throw Frost              Conj/Ice       #.....       100%        2    ###....
 Ozocubu's Armour         Chrm/Ice       #.......     100%        3    ####...
 Regeneration             Chrm/Necr      #.........   100%        3    ####...
 Vampiric Draining        Necr           #.........   100%        3    ####...
 Animate Dead             Necr           N/A          100%        4    #####..
 Summon Ice Beast         Ice/Summ       #.......     100%        4    #####..
 Throw Icicle             Conj/Ice       #.......     100%        4    #####..


Dungeon Overview and Level Annotations

Branches:
Dungeon (5/15)
 Temple: D:4-7

Altars:
Fedhas
Vehumet
Xom

Shops:
D:5 =


Message History

As you read the scroll labeled BEQ ECUFAOPA, it crumbles to dust.
The dust glows bright azure!
It was a scroll of random uselessness.
Okay, then.
As you read the scroll of identify {@r1}, it crumbles to dust.
o - a potion of mutation
As you read the scroll of identify {@r1}, it crumbles to dust.
j - a potion of berserk rage
As you read the scroll of identify {@r1}, it crumbles to dust.
s - a potion of magic
As you read the scroll of identify {@r1}, it crumbles to dust.
k - a potion of brilliance You climb upwards.
There is a stone staircase leading down here.
You see here 7 javelins.
There is a stone staircase leading down here.
You climb downwards.
There is a stone staircase leading up here.
Found a stone staircase leading up.
You open the door.
Found Jeucudd's Jewellery Shoppe.
There is an open door here.
There is an entrance to Jeucudd's Jewellery Shoppe here.
You open the door.
There is an open door here.
There is a stone staircase leading up here.
You open the door.
A ball python and a zombie come into view.
The ball python hisses angrily.
Found a chain mail.
An ogre comes into view. It is wielding a +0 giant club.
The ogre shouts!
You slash the adder zombie! The adder zombie bites you.
Your shield prevents you from hitting the adder zombie.
The adder zombie bites you but does no damage.
You completely miss the adder zombie.
The adder zombie bites you but does no damage.
The adder zombie closely misses you.
You slash the adder zombie!
You destroy the adder zombie!
The ball python bites you. The ball python grabs you.
The ball python constricts you.
You hit the ball python.
You kill the ball python!
You hit the ogre.
The ogre hits you with a +0 giant club!!
You hit the ogre. The ogre hits you with a +0 giant club!
* * * LOW HITPOINT WARNING * * *
You slash the ogre!
The ogre hits you with a +0 giant club!!
You die...

*,,** **,,,,,,,** **,,,,,,,
**,,,***#.........#***,,,*,***
*,,,,,,,+.........+,,,,,,,,,,,
**,,,****..[......****,,,,,***
*#.** **.......** **,,*** #.*
**.....** **,* #.* **...** *,*
#.* *#O#* *,* #.*### #@# *,*
#.##.## #.# *,*
#.#...#####.### *,*
#.<...........# *,*
#..........<..# *,*
##......##....######**,*
##.#'#.###.........,,,*
###∩#.# #.#.######****
#'#.###.#.#


You could see an ogre.

Vanquished Creatures
  A crimson imp (D:5)
  An orc priest (D:4)
  3 worker ants
  3 adders
  4 gnolls (D:3)
  3 oozes
  An adder zombie (D:5)
  4 dart slugs (D:1)
  3 leopard geckos
  11 orcs
  9 bats
  A giant cockroach (D:2)
  10 goblins
  9 hobgoblins
  6 jackals
  8 kobolds
  3 quokkas
  3 ball pythons
  6 frilled lizards
  6 rats
95 creatures vanquished.

Notes
Turn   | Place    | Note
-------+----------+-------------------------------------------
     0 | D:1      | vurker the Hill Orc Fighter began the quest for the Orb.
     0 | D:1      | Reached XP level 1. HP: 19/19 MP: 1/1
    69 | D:1      | Reached skill level 3 in Axes
   107 | D:1      | Reached XP level 2. HP: 24/27 MP: 2/2
   227 | D:1      | Reached XP level 3. HP: 30/33 MP: 3/3
   280 | D:1      | Found a shimmering altar of Xom.
   288 | D:1      | Reached skill level 4 in Axes
   581 | D:2      | Found a radiant altar of Vehumet.
   599 | D:2      | Reached XP level 4. HP: 40/40 MP: 4/4
   624 | D:2      | Found a blossoming altar of Fedhas.
  1923 | D:3      | Reached skill level 5 in Axes
  2039 | D:3      | Reached XP level 5. HP: 35/47 MP: 5/5
  2674 | D:3      | Found a faded altar of an unknown god.
  3546 | D:4      | Reached skill level 5 in Fighting
  3546 | D:4      | Reached skill level 6 in Axes
  3546 | D:4      | Reached XP level 6. HP: 36/56 MP: 6/6
  4403 | D:5      | Entered Level 5 of the Dungeon
  4533 | D:5      | Found Jeucudd's Jewellery Shoppe.
  4561 | D:5      | Slain by an ogre

Levels and vault maps discovered:
D:1:      evilmike_arrival_fibonacci_small, layout_rooms, xom_teletrap_fun
D:2:      mumra_celtic_spiral_tile, layout_basic, fedhas_altar_2,
          vehumet_crystals
D:3:      layout_loops_corners, chequers_ecumenical_altar_simple
D:4:      layout_basic, first_ration, st_stairs_8, chequers_arboretum
D:5:      layout_loops_corners, basic_altar, gammafunk_ghost_arena,
          serial_shops, kennysheep_mini

Skill      XL: |  1  2  3  4  5 |
---------------+----------------+-----
Axes           | 3 4 5 6 |  6.5
Fighting       | 4 5 |  5.2
Armour         | 4 |  4.7
Shields        | |  3.2

Action                   |  1- 3 |  4- 6 || total
-------------------------+-------+-------++-------
Melee: War axe           |    86 |   291 ||   377
  Use: Scroll            |       |    10 ||    10
  Eat: Chunk             |       |     5 ||     5
       Ration            |       |     2 ||     2
Armor: Scale mail        |    43 |   117 ||   160
Dodge: Dodged            |    22 |    78 ||   100
Block: Shield            |    44 |   148 ||   192

Table legend:
 A = Non-vault XP
 B = Vault XP
 C = Vault XP percentage of total XP
 D = Non-vault monster count
 E = Vault monster count
 F = Vault count percentage of total count
                 A         B        C        D         E       F
            +---------+---------+-------+---------+---------+-------
      Total |     462 |       3 |   0.6 |      93 |       2 |   2.1
            +---------+---------+-------+---------+---------+-------
        D:1 |      63 |       1 |   1.6 |      32 |       1 |   3.0
        D:2 |      78 |       0 |   0.0 |      26 |       0 |   0.0
        D:3 |     145 |       0 |   0.0 |      24 |       0 |   0.0
        D:4 |     123 |       2 |   1.6 |       8 |       1 |  11.1
        D:5 |      53 |       0 |   0.0 |       3 |       0 |   0.0
            +---------+---------+-------+---------+---------+-------
